 Dungeon Crawl Stone Soup version 0.20.1-1-g8b1a95d (webtiles) character file.

477 equalderp2856 the Magician (level 6, -7/25 HPs)
             Began as a Felid Wizard on Sept 29, 2017.
             Mangled by an orc warrior
             ... wielding a +0 dire flail
              (14 damage)
             ... on level 6 of the Dungeon.
             The game lasted 00:34:28 (12363 turns).

equalderp2856 the Magician (Felid Wizard)          Turns: 12363, Time: 00:34:29

Health: -7/25      AC:  2    Str:  3    XL:     6   Next: 85%
Magic:  11/17      EV: 20    Int: 26    God:
Gold:   149        SH:  0    Dex: 15    Spells: 16/19 levels left
                                        Lives:  0   Deaths: 2

rFire    . . .     SeeInvis +     - Unarmed
rCold    . . .     Gourm    .   (shield unavailable)
rNeg     . . .     Faith    .   (armour unavailable)
rPois    .         Spirit   .   (helmet unavailable)
rElec    .         Reflect  .   (cloak unavailable)
rCorr    .         Harm     .   (gloves unavailable)
MR       .....                  (boots unavailable)
Stlth    +++.......             (no amulet)
Regen    0.1/turn               k - ring of flight
MPRegen  0.2/turn               o - +5 ring of intelligence

@: quick
A: no armour, no weapons or thrown items, stealth, claws 1, fangs 3, see
invisible, carnivore 3, speed 1, shaggy fur 2, slow metabolism 1, sharp paws
a: Evoke Flight


You were on level 6 of the Dungeon.
You were not hungry.

You visited 1 branch of the dungeon, and saw 6 of its levels.

You collected 177 gold pieces.
You spent 28 gold pieces at shops.

Inventory:

Jewellery
 k - a ring of flight (left paw)
 o - a +5 ring of intelligence (right paw)
Wands
 t - a wand of lightning (4/15)
Scrolls
 c - a scroll of recharging
 d - 2 scrolls of amnesia {unknown}
 e - a scroll of enchant armour {unknown}
 f - 4 scrolls of identify
 j - a scroll of blinking {unknown}
 l - 3 scrolls of teleportation {unknown}
 m - a scroll of magic mapping {unknown}
 q - 3 scrolls of remove curse {unknown}
 r - 2 scrolls of fog {unknown}
 x - 3 scrolls of noise {unknown}
Potions
 h - a potion of curing
 p - 2 potions of invisibility
 s - 2 potions of magic
 u - a potion of brilliance {unknown}
 v - a potion of mutation {unknown}
 w - a potion of degeneration {unknown}
 z - a potion of agility
Books
 a - a book of Minor Magic

   Spells                             Type                      Level
   a - Magic Dart                     Conjuration                  1
   b - Blink                          Translocation                2
   c - Call Imp                       Summoning                    2
   d - Slow                           Hexes                        2
   e - Conjure Flame                  Conjuration/Fire             3
   f - Mephitic Cloud                 Conjuration/Poison/Air       3
Comestibles
 b - 3 meat rations
 i - a royal jelly


   Skills:
 + Level 1.2 Fighting
 + Level 4.6 Dodging
 + Level 5.0 Stealth
 + Level 1.1 Unarmed Combat
 + Level 7.4 Spellcasting
 + Level 6.3 Conjurations
   Level 1.0 Summonings
 + Level 2.7 Translocations


You had 16 spell levels left.
You knew the following spells:

 Your Spells              Type           Power        Failure   Level  Hunger
a - Magic Dart            Conj           ####         1%          1    None
b - Blink                 Tloc           N/A          3%          2    None


Dungeon Overview and Level Annotations

Branches:
Dungeon (6/15)
 Temple: D:4-7

Altars:
Dithmenos
Gozag
Kikubaaqudgha
Nemelex Xobeh
Okawaru
Ru
Sif Muna
Trog
Uskayaw
Vehumet
Yredelemnul
The Shining One

Shops:
D:4 *

Annotations:
D:4 exclusion: door, Dowan, Duvessa, Purgy
D:6 1 transporter, Menkaure


Innate Abilities, Weirdness & Mutations

You cannot wear armour.
You are incapable of wielding weapons or throwing items.
Your paws allow you to move quietly. (Stealth)
You have sharp claws.
You have razor-sharp teeth.
You have supernaturally acute eyesight. (SInv)
You are carnivorous and can eat meat at any time.
You cover ground quickly.
You are covered in thick fur. (AC +2)
You have a slow metabolism.
Your sharp claws are effective at attacking unaware monsters.


Message History

Press: ? - help, Shift-Dir - straight line, f/p - orc warrior
Aim: an orc warrior, wielding a dire flail and wearing a plate armour (heavily wounded, unusually strong)
The magic dart hits the orc warrior.
The orc warrior is severely wounded.
The orc priest casts a cantrip, but nothing happens.
The orc warrior hits you with a dire flail!!
Ouch! That really hurt!
* * * LOW HITPOINT WARNING * * *
Casting: Magic Dart
Confirm with . or Enter, or press ? or * to list all spells.
Aiming: Magic Dart
Press: ? - help, Shift-Dir - straight line, f/p - orc warrior
Aim: an orc warrior, wielding a dire flail and wearing a plate armour (severely wounded, unusually strong)
The magic dart hits the orc warrior.
The orc warrior is severely wounded.
The orc priest calls upon Beogh to heal the orc warrior.
The orc warrior is healed somewhat.
The orc warrior hits you with a dire flail!
Ouch! That really hurt!
You die...

##.########.#..#
#...oo..##.#..#
########...#.##.#..#
#..........[.##.#...
#.######...####o#...
#O# #.o.# #.#... #.#
#...# #.#..)
#.######...####.#
#..@o.o.......#o#
#############.#.#
#...# . ##### #


You could see an orc warrior and an orc priest.

Vanquished Creatures
  An ice beast (D:5)
  A sky beast (D:6)
  A phantom (D:5)
  6 ogres
  A crocodile (D:3)
  A bullfrog (D:6)
  2 scorpions
  A howler monkey (D:5)
  3 crimson imps
  2 hounds
  3 orc priests (D:5)
  4 orc wizards
  An iguana (D:5)
  A bullfrog skeleton (D:5)
  4 worker ants
  A hound zombie (D:5)
  A worker ant zombie (D:5)
  7 adders
  An ooze (D:1)
  An adder skeleton (D:3)
  2 worms
  A dart slug (D:1)
  4 leopard geckos
  13 orcs
  2 ball pythons
  7 bats
  6 giant cockroaches
  5 goblins
  6 hobgoblins
  2 jackals (D:1)
  6 kobolds
  4 quokkas
  7 frilled lizards
  6 rats
114 creatures vanquished.

Notes
Turn   | Place    | Note
-------+----------+-------------------------------------------
     0 | D:1      | equalderp2856 the Felid Wizard began the quest for the Orb.
     0 | D:1      | Reached XP level 1. HP: 7/7 MP: 5/5
   639 | D:1      | Reached XP level 2. HP: 9/11 MP: 2/7
   644 | D:1      | Reached skill level 1 in Conjurations
  1370 | D:1      | You fall through a shaft!
  1383 | D:2      | Reached XP level 3. HP: 14/14 MP: 0/9
  1507 | D:2      | Found a sacrificial altar of Ru.
  1606 | D:2      | Found a glowing golden altar of the Shining One.
  2203 | D:2      | Found an iron altar of Okawaru.
  2208 | D:2      | Found a basalt altar of Yredelemnul.
  2208 | D:2      | Found a radiant altar of Vehumet.
  2257 | D:3      | Noticed a crocodile
  2878 | D:3      | Reached skill level 4 in Spellcasting
  2987 | D:3      | Reached XP level 4. HP: 12/18 MP: 0/11
  3806 | D:3      | Killed a crocodile
  3806 | D:3      | Reached XP level 5. HP: 21/21 MP: 0/12
  3934 | D:3      | Found a faded altar of an unknown god.
  3993 | D:4      | Noticed Purgy
  4004 | D:4      | Noticed an ogre
  4539 | D:4      | Found a deep blue altar of Sif Muna.
  4539 | D:4      | Found a hide-covered altar of Uskayaw.
  4623 | D:4      | Found Xuipos's General Store.
  5295 | D:4      | Reached skill level 1 in Unarmed Combat
  5295 | D:4      | Gained mutation: You are covered in thick fur. (AC +2) [Felid growth]
  5295 | D:4      | Reached XP level 6. HP: 12/25 MP: 5/14
  5776 | D:4      | Reached skill level 5 in Spellcasting
  6144 | D:5      | Entered Level 5 of the Dungeon
  6447 | D:5      | Found an opulent altar of Gozag.
  6584 | D:5      | Reached XP level 7. HP: 28/28 MP: 2/16
  7513 | D:5      | Reached skill level 6 in Spellcasting
  7513 | D:5      | Reached skill level 5 in Conjurations
  7569 | D:5      | Found an ancient bone altar of Kikubaaqudgha.
  7757 | D:4      | Noticed Duvessa
  7757 | D:4      | Noticed Dowan
  8412 | D:3      | Reached XP level 8. HP: 31/31 MP: 11/18
  8704 | D:4      | Bought a scroll of identify for 28 gold pieces
 10621 | D:5      | Reached skill level 1 in Fighting
 11094 | D:5      | Reached skill level 7 in Spellcasting
 11101 | D:5      | Learned a level 2 spell: Blink
 11436 | D:6      | Noticed Menkaure
 12045 | D:6      | Found a bloodstained altar of Trog.
 12160 | D:6      | Shot with an arrow by a centaur
 12161 | D:6      | Reached XP level 7. HP: -5/28 MP: 18/18
 12175 | D:6      | Reached skill level 5 in Stealth
 12210 | D:6      | Found a sparkling altar of Nemelex Xobeh.
 12210 | D:6      | Found a transporter.
 12280 | D:6      | Found a shadowy altar of Dithmenos.
 12344 | D:6      | Slain by a centaur
 12345 | D:6      | Reached XP level 6. HP: -4/25 MP: 16/17
 12363 | D:6      | Mangled by an orc warrior

Skill      XL: |  1  2  3  4  5  6  7  8 |
---------------+-------------------------+-----
Dodging        | 3 4 |  4.6
Conjurations   | 1 2 3 5 6 |  6.3
Stealth        | 3 4 5 |  5.0
Spellcasting   | 4 5 6 7 |  7.4
Unarmed Combat | 1 |  1.1
Fighting       | 1 |  1.2
Translocations | 2 |  2.7
Summonings     | |  1.0

Action                   |  1- 3 |  4- 6 |  7- 9 || total
-------------------------+-------+-------+-------++-------
Melee: Unarmed           |    17 |    10 |     3 ||    30
       Bite              |       |       |     2 ||     2
 Cast: Magic Dart        |   136 |   180 |   251 ||   567
       Blink             |       |       |    11 ||    11
Evoke: Wand              |       |     1 |     1 ||     2
  Use: Scroll            |     2 |       |     2 ||     4
       Potion            |     1 |     2 |     2 ||     5
 Stab: Sleeping          |     1 |       |       ||     1
       Invisible         |       |     1 |       ||     1
  Eat: Chunk             |     2 |    11 |    11 ||    24
Armor: Skin              |     5 |     8 |     6 ||    19
Dodge: Dodged            |    54 |    39 |    56 ||   149
